AoeStats
← Sid

Arabia

506068235Analyzed
2v2 RM · 20d ago on Sep 12, 2026· 93m 48s· 4 players
Game mode
Random Map
Map size
Medium (4 player)
Population
200
Speed
Normal
Resources
Standard
Victory
Conquest
Starting age
Dark Age
Ending age
Imperial Age
RankedLock teamsTeams togetherTeam positionsShared explorationLock speedFull tech treeHidden civsTurbo modeCheats
Victory
Defeat
🇯🇵 Jurchens · Japan
1318
+13
🇯🇵 Slavs · Japan
1289
+14
🇨🇴 Malians · Colombia
1282
-14
🇭🇰 Khmer · Hong Kong SAR China
1224
-13
ROnaLD_G4
9:35 Feudal Age
10:15 Double-Bit Axe
10:24 Horse Collar
11:55 Loom
14:08 Bloodlines
17:00 Wheelbarrow
17:35 Scale Barding Armor
22:44 Castle Age
21:11 Forging
21:46 Gold Mining
23:48 Bow Saw
23:39 Heavy Plow
23:22 Light Cavalry
25:53 Hand Cart
28:23 Stone Mining
29:00 Husbandry
29:46 Iron Casting
30:34 Stone Shaft Mining
31:51 Ballistics
33:36 Chain Barding Armor
33:07 Fletching
34:01 Devotion
39:09 Imperial Age
39:32 Cavalier
40:25 Double Crossbow
41:53 Plate Barding Armor
41:07 Heavy Scorpion
43:50 Chemistry
44:13 Crop Rotation
43:59 Siege Engineers
50:07 Town Watch
52:40 Town Patrol
55:03 Hussar
60:27 Caravan
62:49 Fletching
64:01 Blast Furnace
68:09 Scale Mail Armor
68:04 Bodkin Arrow
68:12 Pikeman
69:29 Halberdier
72:39 Chain Mail Armor
83:59 Arson
84:17 Bracer
jairogut
6:56 Loom
11:31 Feudal Age
11:43 Man-at-Arms
22:21 Double-Bit Axe
25:52 Castle Age
24:14 Scale Mail Armor
26:34 Forging
26:46 Arson
28:04 Long Swordsman
29:30 Fletching
33:26 Chain Mail Armor
35:13 Wheelbarrow
34:40 Pikeman
39:46 Iron Casting
41:44 Bodkin Arrow
43:04 Bow Saw
43:24 Horse Collar
45:26 Squires
52:54 Town Watch
53:47 Bloodlines
55:05 Heavy Plow
56:20 Scale Barding Armor
57:41 Chain Barding Armor
60:18 Husbandry
62:51 Sanctity
68:39 Imperial Age
66:20 Tigui
69:03 Heavy Camel Rider
69:20 Capped Ram
72:12 Plate Barding Armor
72:47 Light Cavalry
73:41 Farimba
75:17 Caravan
79:04 Two-Handed Swordsman
80:43 Champion
84:40 Ballistics
Sid
7:05 Loom
9:58 Feudal Age
10:48 Double-Bit Axe
15:45 Horse Collar
23:19 Bloodlines
25:11 Castle Age
23:20 Scale Barding Armor
23:25 Forging
23:17 Gold Mining
25:21 Fletching
25:23 Pikeman
26:13 Bodkin Arrow
26:39 Chain Barding Armor
28:08 Heavy Plow
30:49 Chain Barding Armor
31:06 Iron Casting
30:56 Bow Saw
35:48 Stone Mining
36:42 Wheelbarrow
36:26 Scale Mail Armor
38:07 Gold Shaft Mining
39:11 Hand Cart
43:16 Imperial Age
41:00 Town Watch
41:36 Chain Mail Armor
41:25 Squires
41:37 Padded Archer Armor
42:44 Town Patrol
42:06 Light Cavalry
42:48 Husbandry
44:00 Caravan
43:27 Cavalier
43:28 Hussar
44:32 Conscription
45:09 Plate Barding Armor
46:55 Blast Furnace
48:16 Chemistry
47:37 Ballistics
47:52 Elite Boyar
50:43 Leather Archer Armor
50:36 Murder Holes
51:44 Redemption
52:30 Masonry
52:34 Fortified Wall
59:38 Plate Mail Armor
58:37 Halberdier
60:31 Crop Rotation
61:07 Two-Man Saw
63:28 Hoardings
68:06 Devotion
70:27 Sanctity
70:23 Block Printing
70:50 Theocracy
74:10 Siege Engineers
79:57 Druzhina
80:08 Detinets
85:44 Ring Archer Armor
84:37 Elite Skirmisher
91:07 Guard Tower
91:53 Capped Ram
92:46 Siege Ram
fumin
6:44 Loom
9:40 Feudal Age
9:42 Man-at-Arms
10:15 Double-Bit Axe
19:25 Fletching
20:23 Wheelbarrow
24:21 Castle Age
24:05 Horse Collar
24:16 Gold Mining
24:27 Padded Archer Armor
24:28 Crossbowman
25:08 Bodkin Arrow
27:25 Gold Shaft Mining
27:05 Bow Saw
28:17 Ballistics
32:25 Heavy Plow
33:31 Scale Mail Armor
35:10 Pikeman
35:52 Squires
36:08 Chain Mail Armor
37:25 Hand Cart
42:40 Imperial Age
41:08 Scale Barding Armor
41:14 Forging
41:35 Husbandry
41:45 Bloodlines
42:43 Fortified Bastions
42:43 Elite Steppe Lancer
43:45 Chain Barding Armor
44:01 Iron Casting
48:06 Plate Barding Armor
48:59 Light Cavalry
50:18 Heavy Rocket Cart
51:14 Heavy Scorpion
51:22 Elite Fire Lancer
57:10 Blast Furnace
56:34 Hussar
58:42 Leather Archer Armor
58:23 Arson
57:58 Elite Fire Lancer
58:32 Halberdier
59:55 Capped Ram
61:30 Siege Ram
61:47 Siege Ram
70:12 Caravan
73:54 Elite Skirmisher
77:55 Two-Man Saw
77:25 Crop Rotation
76:47 Stone Mining
77:01 Bracer
77:17 Leather Archer Armor
81:17 Chemistry
80:29 Siege Engineers
Connection lost

Rejoining the realm…

Still unreachable

The connection could not be restored.

Session expired

The server has moved on; the page needs a fresh start.